AoeStats
← Marbas

Arena

507944922Analyzed
1v1 RM · 12d ago on Sep 20, 2026· 39m 38s· 2 players
Game mode
Random Map
Map size
Tiny (2 player)
Population
200
Speed
Normal
Resources
Standard
Victory
Conquest
Starting age
Dark Age
Ending age
Imperial Age
RankedLock teamsTeams togetherTeam positionsShared explorationLock speedFull tech treeHidden civsTurbo modeCheats
Victory
Defeat
🇨🇭 Gurjaras · Switzerland
1781
+16
🇷🇺 Khmer · Russia
1781
-16
Marbas
10:36 Feudal Age
13:26 Castle Age
11:30 Double-Bit Axe
12:07 Horse Collar
14:29 Bow Saw
16:56 Light Cavalry
20:06 Loom
23:42 Wheelbarrow
23:33 Heavy Plow
23:39 Gold Mining
25:13 Gold Shaft Mining
28:23 Imperial Age
26:18 Bloodlines
26:43 Husbandry
27:03 Stone Mining
27:47 Scale Barding Armor
27:37 Loom
29:24 Careening
29:22 Siege Engineers
29:43 Forging
29:25 Hussar
30:47 Hand Cart
30:18 Town Watch
30:11 Capped Ram
31:56 Stone Shaft Mining
32:11 Chain Barding Armor
33:24 Chemistry
32:51 Heavy Scorpion
34:15 Iron Casting
36:28 Ballistics
36:51 Conscription
37:29 Masonry
nerob
11:10 Feudal Age
12:19 Horse Collar
15:20 Castle Age
16:09 Double-Bit Axe
17:06 Bow Saw
17:31 Light Cavalry
19:11 Husbandry
22:40 Wheelbarrow
22:12 Heavy Plow
25:01 Hand Cart
26:01 Loom
29:22 Imperial Age
27:27 Gold Mining
27:29 Stone Mining
28:26 Scale Barding Armor
28:54 Bloodlines
30:09 Chain Barding Armor
29:55 Heavy Camel Rider
31:04 Forging
32:36 Iron Casting
33:18 Conscription
33:51 Plate Barding Armor
34:40 Stone Shaft Mining
34:40 Gold Shaft Mining
34:23 Scale Mail Armor
35:08 Gold Shaft Mining
35:22 Chain Mail Armor
37:59 Chemistry
37:22 Ballistics
37:00 Fletching
37:53 Bodkin Arrow
Connection lost

Rejoining the realm…

Still unreachable

The connection could not be restored.

Session expired

The server has moved on; the page needs a fresh start.